AoeStats
← Elentin

Black Forest

510814822Analyzed
4v4 RM · 1d ago on Oct 2, 2026· 50m 44s· 8 players
Game mode
Random Map
Map size
Large (8 player)
Population
200
Speed
Normal
Resources
Standard
Victory
Conquest
Starting age
Dark Age
Ending age
Imperial Age
RankedLock teamsTeams togetherTeam positionsShared explorationLock speedFull tech treeHidden civsTurbo modeCheats
Victory
Defeat
🇨🇱 Khmer · Chile
651
+15
🇹🇼 Bohemians · Taiwan
620
+16
🇬🇷 Teutons · Greece
616
+17
🇩🇪 Tatars · Germany
609
+17
🇮🇳 Franks · India
645
-17
🇮🇳 Vietnamese · India
644
-17
🇮🇳 Persians · India
642
-17
🇮🇳 Turks · India
583
-14
NaraSimham
0:37 Loom
14:28 Feudal Age
21:51 Double-Bit Axe
21:50 Horse Collar
21:55 Fishing Lines
23:03 Wheelbarrow
27:05 Castle Age
27:02 Gold Mining
27:07 Stone Mining
29:34 Gillnets
32:35 Bow Saw
36:06 Hand Cart
38:27 Imperial Age
36:35 Caravan
38:46 Stone Shaft Mining
38:54 Gold Shaft Mining
39:12 Scale Barding Armor
39:24 Forging
38:43 Crossbowman
40:54 Thumb Ring
43:51 Kamandaran
46:28 Pikeman
47:09 Squires
48:32 Halberdier
50:35 Ballistics
51:15 Chemistry
DARK_SaMURai
13:15 Feudal Age
16:41 Stone Mining
16:47 Double-Bit Axe
25:09 Castle Age
24:03 Gold Mining
26:52 Caravan
26:47 Fishing Lines
27:59 Scale Barding Armor
28:49 Bow Saw
30:55 Wheelbarrow
31:12 Chain Barding Armor
31:04 Forging
32:15 Hand Cart
36:13 Imperial Age
33:47 Gillnets
36:18 Iron Casting
35:49 Husbandry
36:54 Masonry
36:56 Fortified Wall
36:30 Cavalier
38:49 Gold Shaft Mining
39:20 Ballistics
40:10 Chivalry
43:29 Plate Barding Armor
42:18 Heavy Scorpion
M4DRIDIS7A
0:29 Loom
11:58 Feudal Age
16:05 Double-Bit Axe
16:15 Stone Mining
16:10 Horse Collar
17:36 Gold Mining
23:39 Arson
29:26 Castle Age
33:31 Heavy Plow
33:52 Bow Saw
33:42 Fletching
33:50 Arson
34:05 Squires
38:30 Imperial Age
36:31 Scale Barding Armor
36:41 Forging
36:32 Scale Mail Armor
36:32 Bodkin Arrow
37:09 Heavy Plow
37:51 Wheelbarrow
37:02 Town Watch
38:57 Fortified Wall
38:43 Murder Holes
41:04 Hand Cart
40:50 Town Patrol
41:15 Ballistics
41:07 Masonry
47:56 Imperial Age
Cocainwrld
0:28 Loom
13:26 Feudal Age
15:33 Padded Archer Armor
15:24 Fletching
15:45 Double-Bit Axe
18:35 Wheelbarrow
18:54 Horse Collar
20:44 Stone Mining
20:44 Gold Mining
26:21 Castle Age
25:10 Fishing Lines
28:30 Gold Shaft Mining
28:14 Gillnets
29:15 Caravan
32:21 Hand Cart
34:15 Bow Saw
36:34 Fortified Wall
40:04 Imperial Age
38:03 Leather Archer Armor
38:33 Heavy Plow
38:58 Ballistics
38:23 Treadmill Crane
39:19 Coinage
42:30 Two-Man Saw
43:27 Conscription
44:50 Elite Janissary
45:33 Arson
45:48 Squires
Test
0:39 Loom
10:46 Feudal Age
19:48 Castle Age
19:22 Horse Collar
19:29 Double-Bit Axe
19:56 Fishing Lines
24:08 Bow Saw
30:29 Heavy Plow
31:12 Gillnets
33:59 Imperial Age
32:30 Wheelbarrow
31:55 Gillnets
31:53 Pikeman
33:41 Chemistry
33:02 Ballistics
32:08 Pikeman
32:54 Squires
33:45 Hand Cart
34:35 Wagenburg Tactics
35:11 Conscription
36:03 Two-Man Saw
35:58 Halberdier
36:25 Arson
37:31 Hussite Reforms
37:34 Scale Mail Armor
37:44 Forging
37:44 Siege Engineers
39:08 Fervor
39:16 Block Printing
39:19 Houfnice
41:18 Chain Mail Armor
41:39 Iron Casting
41:49 Sanctity
42:37 Plate Mail Armor
43:26 Bombard Tower
43:18 Fortified Wall
47:04 Redemption
47:25 Elite Skirmisher
48:19 Padded Archer Armor
48:10 Fletching
49:21 Blast Furnace
49:20 Leather Archer Armor
Elentin
0:29 Loom
14:09 Feudal Age
19:28 Castle Age
19:39 Stone Mining
21:33 Fletching
25:41 Stone Shaft Mining
25:01 Gold Mining
25:28 Horse Collar
26:33 Heavy Plow
26:23 Double-Bit Axe
29:30 Bow Saw
30:18 Bodkin Arrow
31:03 Ballistics
35:10 Imperial Age
36:18 Crenellations
36:26 Conscription
35:41 Cavalier
36:48 Forging
36:45 Scale Barding Armor
37:00 Caravan
37:28 Bloodlines
38:04 Iron Casting
38:16 Wheelbarrow
37:29 Town Watch
37:24 Paladin
38:59 Squires
38:45 Gambesons
38:46 Arson
41:36 Blast Furnace
40:06 Pikeman
42:42 Halberdier
yuckfou420
12:27 Feudal Age
13:20 Horse Collar
18:35 Double-Bit Axe
22:09 Castle Age
22:11 Stone Mining
22:12 Gold Mining
23:24 Bow Saw
23:27 Heavy Plow
24:54 Gold Shaft Mining
25:20 Wheelbarrow
27:32 Guard Tower
27:56 Fortified Wall
29:08 Scale Barding Armor
28:53 Town Watch
31:06 Scale Mail Armor
31:30 Husbandry
32:36 Man-at-Arms
33:16 Squires
33:25 Loom
37:56 Murder Holes
39:06 Silk Armor
39:37 Hand Cart
42:17 Imperial Age
42:53 Elite Keshik
47:55 Crop Rotation
Jx
0:28 Loom
15:16 Feudal Age
17:43 Wheelbarrow
16:53 Town Watch
16:58 Double-Bit Axe
16:55 Horse Collar
21:26 Castle Age
25:14 Heavy Plow
28:10 Hand Cart
30:32 Fervor
34:24 Imperial Age
33:48 Scale Barding Armor
33:54 Forging
34:09 Light Cavalry
34:59 Bloodlines
34:49 Husbandry
35:12 Chain Barding Armor
35:06 Town Patrol
36:10 Conscription
36:50 Plate Barding Armor
36:51 Iron Casting
36:07 Fletching
38:02 Chemistry
37:23 Ballistics
37:14 Fortified Wall
36:59 Murder Holes
38:31 Iron Casting
37:53 Bodkin Arrow
37:58 Scale Mail Armor
37:59 Padded Archer Armor
38:11 Masonry
38:11 Fortified Wall
37:47 Hussar
40:25 Blast Furnace
39:27 Bracer
39:42 Chain Mail Armor
39:25 Stone Mining
39:25 Gold Mining
40:55 Hoardings
40:58 Caravan
46:37 Onager
46:39 Capped Ram
46:39 Heavy Scorpion
49:10 Architecture
48:45 Siege Engineers
48:58 Leather Archer Armor
Connection lost

Rejoining the realm…

Still unreachable

The connection could not be restored.

Session expired

The server has moved on; the page needs a fresh start.